 Dungeon Crawl Stone Soup version 0.31-a0-174-g85c54bcb58 (webtiles) character file.

Game seed: 7297830638088098201

25 lunkers the Cudgeller (level 3, -2/31 HPs)
             Began as a Meteoran Fighter on June 15, 2023.
             Was an Initiate of the Shining One.
             Frozen to death by an endoplasm (5 damage)
             ... on level 2 of the Dungeon.
             The game lasted 00:01:16 (488 turns).

lunkers the Cudgeller (Meteoran Fighter)             Turns: 488, Time: 00:01:16

Health: -2/31      AC:  6    Str: 19    XL:     3   Next: 38%
Magic:  4/4        EV:  9    Int: 10    God:    the Shining One [......]
Gold:   52         SH:  5    Dex: 13    Spells: 2/2 levels left

rFire   . . .        a - +0 flail
rCold   . . .        c - +0 buckler
rNeg    . . .        b - +0 scale mail
rPois   .            (no helmet)
rElec   .            (no cloak)
rCorr   .            (no gloves)
SInv    .            (no boots)
Will    .....        (no amulet) Stlth
                     (no ring)
HPRegen 0.25/turn    (no ring)
MPRegen 0.09/turn

%: no passive effects
@: mighty, glowing
A: sense surroundings 1, otherworldly, glowing, explore regen
a: Renounce Religion


You were on level 2 of the Dungeon.
You worshipped the Shining One.
The Shining One was noncommittal.
You visited 1 branch of the dungeon, and saw 2 of its levels.

You collected 52 gold pieces.

Inventory:

Hand Weapons
 a - a +0 flail (weapon)
Armour
 b - a +0 scale mail (worn)
 c - a +0 buckler (worn)
Potions
 d - 2 potions of might
 e - 4 potions of heal wounds {unknown}
 f - 2 potions of cancellation {unknown}
 g - a potion of lignification {unknown}


   Skills:
 - Level 3.2 Fighting
 + Level 4.6 Maces & Flails
 - Level 3.6 Armour
 - Level 3.6 Shields


You had 2 spell levels left.
You didn't know any spells.
Your spell library was empty.

Dungeon Overview and Level Annotations

Branches:
Dungeon (2/15) Zot: 995

Altars:
The Shining One

Annotations:
D:2 Sigmund


Innate Abilities, Weirdness & Mutations

You passively map a small area around you.
You are easily found by Zot.
You glow in the dark.
You regain HP and MP as you explore.


Message History

Found a ring mail.
The endoplasm quivers.
The goblin shouts!
You hear a shout!
Sigmund hits you with a +0 scythe!
You sock Sigmund!
Sigmund is moderately wounded.
Sigmund barely misses you.
You closely miss Sigmund.
Sigmund is moderately wounded.
A kobold comes into view. It is wielding a +0 short sword.
A giant cockroach comes into view.
Sigmund barely misses you.
You closely miss Sigmund.
Sigmund is moderately wounded.
The goblin hits you but does no damage.
You sock Sigmund!
Sigmund is severely wounded.
Sigmund points at you and mumbles some strange words.
The magic dart hits you. The goblin hits you but does no damage.
You closely miss Sigmund.
Sigmund is severely wounded.
Sigmund casts a spell at you. The puff of flame hits you!
* * * LOW HITPOINT WARNING * * *
You block the goblin's attack. Sigmund casts a spell at you.
The puff of flame hits you!
* * * LOW HITPOINT WARNING * * *
Unknown command.
You barely miss Sigmund.
Sigmund is severely wounded.
The goblin hits you with a +0 club.
* * * LOW HITPOINT WARNING * * *
You block Sigmund's attack.
You barely miss Sigmund.
Sigmund is severely wounded.
You block the goblin's attack. The endoplasm freezes you.
You are frozen.
You die...

............._..# ,, #.
.######..##.....#..[....
#. .# ##.##.....#.......
* #. .#
#.......###....... #. .#
#...###.# ....... #. .#
#...# #.# ......., #. .#
#...# #.## ....... #.
.######...#
#..##gK.....,, * *#.
.).......## ##..@@B.....
....... .........#
####J...... .######
.........# ####### * *
.........# * .........#
, , .........# *
.........# * .........#
* ** ** ########## *, ,
<,,


You could see Sigmund, an endoplasm, a giant cockroach, a goblin and a kobold.

Vanquished Creatures
  A dart slug (D:1)
  2 ball pythons (D:1)
  3 bats
  2 endoplasms
  2 giant cockroaches
  A hobgoblin (D:2)
  A kobold (D:2)
  A quokka (D:1)
  5 frilled lizards
  3 goblins (D:1)
  A rat (D:1)
22 creatures vanquished.

Notes
Turn   | Place    | Note
-------+----------+-------------------------------------------
     0 | D:1      | lunkers the Meteoran Fighter began the quest for the Orb.
     0 | D:1      | Reached XP level 1. HP: 19/19 MP: 2/2
    36 | D:1      | Reached skill level 3 in Maces & Flails
    82 | D:1      | Reached XP level 2. HP: 26/26 MP: 3/3
   130 | D:1      | Reached skill level 4 in Maces & Flails
   249 | D:1      | Reached XP level 3. HP: 30/31 MP: 4/4
   371 | D:2      | Found a glowing golden altar of the Shining One.
   390 | D:2      | Became a worshipper of the Shining One
   477 | D:2      | Noticed Sigmund
   488 | D:2      | Frozen to death by an endoplasm

Illustrated notes

Levels and vault maps discovered:
D:1:      saegor_arrival_simple_d, layout_rooms,
          shapermc_ecumenical_altar_totnotflames
D:2:      layout_basic, basic_altar, uniq_sigmund

Skill      XL: |  1  2 |
---------------+-------+-----
Maces & Flails | 3 4 |  4.6
Fighting       | |  3.2
Armour         | |  3.6
Shields        | |  3.6

Action                     || total
---------------------------++-------
  Melee: Flail             ||    61
    Use: Scroll            ||     1
         Potion            ||     1
 Armour: Scale mail        ||    29
  Dodge: Dodged            ||    24
  Block: Buckler           ||    15

Table legend: (Time is in decaauts)
 A = Elapsed time spent in this place.
 B = Non-inter-level travel time spent in this place.
 C = Inter-level travel time spent in this place.
 D = Time resting spent in this place.
 E = Time spent auto-exploring this place.
 F = Levels seen in this place.
 G = Mean time per level.
                   A        B        C        D        E       F      G
               +--------+--------+--------+--------+--------+-----+--------+
         Total |    502 |    502 |      0 |      0 |    316 |   2 |  251.0 |
       Dungeon |    502 |    502 |      0 |      0 |    316 |   2 |  251.0 |
               +--------+--------+--------+--------+--------+-----+--------+

Top non-repeatable levels by time:
     D:1: 269 daAuts
     D:2: 233 daAuts
